AoeStats
← ajanderson120

Oasis

509984745Analyzed
4v4 RM · 5d ago on Sep 28, 2026· 47m 31s· 8 players
Game mode
Random Map
Map size
Large (8 player)
Population
200
Speed
Normal
Resources
Standard
Victory
Conquest
Starting age
Dark Age
Ending age
Imperial Age
RankedLock teamsTeams togetherTeam positionsShared explorationLock speedFull tech treeHidden civsTurbo modeCheats
Victory
Defeat
🇦🇷 Lithuanians · Argentina
1347
+10
🇦🇷 Magyars · Argentina
1267
+13
🇨🇳 Teutons · China
1241
+14
🇨🇱 Huns · Chile
1164
+17
🇨🇦 Japanese · Canada
1227
-15
🇺🇸 Koreans · United States
1210
-14
🇧🇪 Portuguese · Belgium
1189
-13
🇮🇳 Turks · India
1163
-12
ajanderson120
3:27 Loom
12:18 Feudal Age
13:07 Double-Bit Axe
17:49 Fletching
18:22 Horse Collar
26:22 Castle Age
25:50 Gold Mining
28:44 Bow Saw
elsuum_93
7:48 Loom
10:41 Feudal Age
11:28 Loom
15:47 Town Watch
20:17 Castle Age
19:08 Double-Bit Axe
19:04 Horse Collar
21:23 Bow Saw
22:19 Wheelbarrow
25:35 Hand Cart
26:18 Fletching
30:45 Fortified Wall
35:36 Imperial Age
33:05 Bodkin Arrow
33:39 Ballistics
33:30 Masonry
33:54 Squires
34:43 Scale Mail Armor
34:54 Forging
36:09 Chain Mail Armor
35:20 Pikeman
36:03 Halberdier
37:27 Plate Mail Armor
38:03 Conscription
37:47 Yasama
37:41 Guard Tower
38:47 Bracer
39:22 Iron Casting
42:12 Blast Furnace
noumha
9:48 Feudal Age
17:04 Castle Age
18:16 Horse Collar
27:46 Imperial Age
26:04 Gold Mining
27:26 Double-Bit Axe
29:22 Loom
29:50 Bow Saw
30:10 Cavalier
32:07 Scale Barding Armor
33:08 Bloodlines
32:59 Husbandry
34:37 Forging
34:48 Chain Barding Armor
34:58 Conscription
36:55 Plate Barding Armor
39:01 Iron Casting
40:46 Blast Furnace
vibhuyasha
0:34 Loom
13:57 Feudal Age
18:45 Castle Age
20:32 Bloodlines
Genghis Kant
5:06 Loom
10:27 Feudal Age
14:50 Castle Age
12:59 Double-Bit Axe
12:55 Horse Collar
15:50 Bloodlines
22:19 Husbandry
23:42 Town Watch
26:05 Scale Barding Armor
28:35 Wheelbarrow
28:30 Forging
29:24 Redemption
31:29 Chain Barding Armor
32:26 Iron Casting
32:53 Hand Cart
37:38 Imperial Age
35:10 Gold Mining
35:58 Stone Mining
37:46 Town Patrol
38:22 Padded Archer Armor
39:02 Plate Barding Armor
37:48 Cavalier
43:11 Fletching
44:02 Stone Shaft Mining
44:29 Heavy Plow
44:53 Bodkin Arrow
46:14 Conscription
45:55 Paladin
47:13 Bracer
EL TOPO YIYO
3:14 Loom
3:44 Loom
9:25 Feudal Age
14:36 Horse Collar
15:05 Double-Bit Axe
17:39 Wheelbarrow
22:35 Castle Age
22:14 Scale Barding Armor
22:47 Bloodlines
22:52 Gold Mining
23:36 Chain Barding Armor
23:23 Husbandry
28:32 Gold Shaft Mining
29:06 Bow Saw
39:28 Imperial Age
39:32 Cavalier
41:08 Plate Barding Armor
41:02 Paladin
relax
9:55 Feudal Age
9:16 Loom
12:25 Man-at-Arms
21:16 Castle Age
20:04 Scale Mail Armor
20:04 Double-Bit Axe
20:11 Stone Mining
20:04 Horse Collar
20:33 Gold Mining
22:45 Squires
22:30 Arson
25:06 Wheelbarrow
26:18 Chain Mail Armor
34:20 Imperial Age
32:07 Heavy Plow
32:56 Forging
32:41 Town Watch
32:28 Pikeman
34:18 Iron Casting
35:41 Conscription
36:45 Conscription
36:46 Elite Teutonic Knight
38:49 Chemistry
37:44 Halberdier
39:55 Plate Mail Armor
40:28 Blast Furnace
40:45 Siege Engineers
43:03 Stone Shaft Mining
44:00 Crop Rotation
43:43 Bow Saw
46:56 Hand Cart
46:43 Town Patrol
Bienjamming
2:10 Loom
11:20 Feudal Age
12:48 Double-Bit Axe
13:49 Fletching
14:45 Padded Archer Armor
20:55 Forging
20:47 Gold Mining
24:59 Castle Age
23:20 Stone Mining
23:14 Horse Collar
23:49 Bloodlines
26:05 Bodkin Arrow
26:18 Thumb Ring
25:40 Crossbowman
26:25 Town Watch
26:30 Town Watch
27:42 Leather Archer Armor
30:48 Bow Saw
31:48 Ballistics
35:08 Husbandry
35:22 Masonry
35:55 Caravan
Connection lost

Rejoining the realm…

Still unreachable

The connection could not be restored.

Session expired

The server has moved on; the page needs a fresh start.